 Dungeon Crawl Stone Soup version 0.29-a0-234-g0dae59b3db (webtiles) character file.

Game seed: 3910280415263537784

1574 shoop the Jinx (level 8, -29/43 HPs)
             Began as a Deep Elf Arcane Marksman on Mar 3, 2022.
             Was a Follower of Fedhas.
             Killed by an exploding orc priest (50 damage)
             ... ignited by their inner flame
             ... on level 6 of the Dungeon.
             The game lasted 00:19:55 (7930 turns).

shoop the Jinx (Deep Elf Arcane Marksman)           Turns: 7930, Time: 00:19:58

Health: -29/43     AC:  4    Str:  7    XL:     8   Next: 59%
Magic:  1/19       EV: 13    Int: 21    God:    Fedhas [*.....]
Gold:   157        SH:  0    Dex: 15    Spells: 6/19 levels left

rFire   . . .      SeeInvis .   a - +0 shortbow
rCold   . . .      Faith    .   (shield currently unavailable)
rNeg    . . .      Spirit   .   b - +0 robe
rPois   .          Reflect  .   A - +0 helmet
rElec   .          Harm     .   (no cloak)
rCorr   .          Rampage  .   d - +0 pair of gloves
Will    .....                   (no boots)
Stlth   ++........              (no amulet)
HPRegen 0.14/turn               (no ring)
MPRegen 0.16/turn               (no ring)

@: no status effects
A: no striking features
a: Renounce Religion


You were on level 6 of the Dungeon.
You worshipped Fedhas.
Fedhas was aware of your devotion.
You visited 2 branches of the dungeon, and saw 7 of its levels.

You collected 289 gold pieces.
You spent 132 gold pieces at shops.

Inventory:

Hand Weapons
 a - a +0 shortbow (weapon)
Missiles
 i - a throwing net
Armour
 b - a +0 robe (worn)
 d - a +0 pair of gloves (worn)
 p - the +1 ring mail of Magic {rPois rCorr}
   (You found it on level 5 of the Dungeon)

   rPois:     It protects you from poison.
   rCorr:     It protects you from acid and corrosion.
 A - a +0 helmet (worn)
Jewellery
 v - a ring of positive energy
Wands
 f - a wand of acid (12)
 k - a wand of flame (19)
 y - a wand of polymorph (6)
Scrolls
 e - a scroll of summoning
 g - a scroll of blinking {unknown}
 j - a scroll of silence
 l - a scroll of fog
 n - 2 scrolls of teleportation
 u - a scroll of magic mapping
 x - a scroll of vulnerability {unknown}
 z - a scroll of noise {unknown}
Potions
 c - 2 potions of heal wounds
 h - a potion of flight {unknown}
 m - a potion of haste
 o - a potion of ambrosia {unknown}
 q - a potion of might
 r - a potion of resistance {unknown}
 s - a potion of brilliance {unknown}
 t - a potion of mutation {unknown}
 w - a potion of curing


   Skills:
 - Level 1.0 Fighting
 + Level 7.6 Bows
 - Level 2.0 Armour
 - Level 3.0 Dodging
 - Level 3.0 Stealth
 - Level 6.0 Spellcasting
 - Level 8.3 Hexes
 + Level 1.6 Translocations
 + Level 1.6 Transmutations
 - Level 2.0 Fire Magic
 + Level 1.7 Earth Magic
 - Level 2.0 Evocations


You had 6 spell levels left.
You knew the following spells:

 Your Spells              Type           Power      Damage    Failure   Level
a - Slow                  Hex            100%       N/A       1%          1
c - Inner Flame           Hex/Fire       28%        N/A       3%          3
f - Cause Fear            Hex            20%        N/A       3%          4
p - Passwall              Tmut/Erth      10%        N/A       8%          2
r - Portal Projectile     Hex/Tloc       54%        N/A       3%          3

Your spell library contained the following spells:

 Spells                   Type           Power      Damage    Failure   Level
 Ensorcelled Hibernation  Hex/Ice        46%        N/A       2%          2
 Sting                    Tmut/Pois      36%        1d4       7%          1
 Wereblood                Tmut           13%        N/A       8%          2
 Magic Dart               Conj           24%        1d4       10%         1
 Call Imp                 Summ           6%         N/A       14%         2
 Poisonous Vapours        Pois/Air       12%        N/A       14%         2
 Sublimation of Blood     Necr           6%         N/A       14%         2
 Mephitic Cloud           Conj/Pois/Air  6%         N/A       28%         3
 Swiftness                Air            6%         N/A       28%         3
 Olgreb's Toxic Radiance  Pois           6%         N/A       67%         4
 Malign Gateway           Summ/Tloc      4%         N/A       100%        7
 Summon Hydra             Summ           3%         N/A       100%        7
 Summon Horrible Things   Summ           3%         N/A       100%        8


Dungeon Overview and Level Annotations

Branches:
Dungeon (6/15)             Temple (1/1) D:4

Altars:
Elyvilon
Fedhas
Gozag
Hepliaklqana
Makhleb
Nemelex Xobeh
Okawaru
Qazlal
Sif Muna
Uskayaw
Vehumet
Xom
Yredelemnul
Zin
The Shining One

Shops:
D:2 !   D:5 (

Annotations:
D:3 2 transporters, jejorda2's ghost, weakling TeHu
D:4 Prince Ribbit


Message History

Aiming: Inner Flame (dangerous; 3% risk of failure)
Press: ? - help, Dir - move target, f/p - orc priest
Aim: an orc priest, wielding a +0 club and wearing a +0 chain mail (moderately wounded, chance to affect: 83%)
The orc priest barely resists.
The orc priest looks satisfied for a moment.
Casting: Inner Flame (dangerous; 3% risk of failure)
Confirm with . or Enter, or press ? or * to list all spells.
Aiming: Inner Flame (dangerous; 3% risk of failure)
Press: ? - help, Dir - move target, f/p - orc priest
Aim: an orc priest, wielding a +0 club and wearing a +0 chain mail (moderately wounded, chance to affect: 83%)
The orc priest barely resists.
Casting: Inner Flame (dangerous; 3% risk of failure)
Confirm with . or Enter, or press ? or * to list all spells.
Aiming: Inner Flame (dangerous; 3% risk of failure)
Press: ? - help, Dir - move target, f/p - orc priest
Aim: an orc priest, wielding a +0 club and wearing a +0 chain mail (moderately wounded, chance to affect: 83%)
The orc priest is filled with an inner flame.
Things that are here:
a +0 dagger; a +0 robe You shoot an arrow.
The arrow hits the orc priest but does no damage.
The orc priest is lightly wounded.
The orc priest mumbles some strange prayers to Beogh against you.
Beogh smites you!
The orc priest mumbles some strange prayers to Beogh against you.
You struggle to resist.
You are too injured to fight recklessly!
Shoot: a) +0 shortbow
Press: ? - help, Shift-Dir - straight line, f/p - orc priest
Aim: an orc priest, wielding a +0 club and wearing a +0 chain mail (lightly wounded, inner flame, 69% to hit)
You shoot an arrow. The arrow hits the orc priest.
Flame seeps out of the orc priest.
The orc priest is heavily wounded.
The orc priest is engulfed in blazing flames.
Fedhas appreciates your contribution to the ecosystem.
The orc priest explodes!
The fiery explosion engulfs you!!!
Ouch! That really hurt!
You die...
Fedhas appreciates your contribution to the ecosystem.

........≈≈≈P≈≈.##
..#♣P
.........≈≈≈....###
#.###≈
.####.#.≈≈≈≈≈.....#
#. #♣
.####.#.P≈≈≈...#..#
#o ≈
.......)#≈≈≈...#..#
##
#####+#.#≈≈≈#≈.#..#
##....#≈≈≈#..#..#
##.....#≈≈##..#..#
##......#≈≈ ##..@§#
#......##≈
#..§○########..
'......#
#..§oo..o.)))..
#......#
#...#########.#
##.....# ##.##
##....# ### ##...#
##'## ######### #.#
#.......#


You could see 2 orcs.

Vanquished Creatures
  Edmund (D:5)
  A black bear (D:5)
  2 ice beasts (D:5)
  2 ogres
  Blork the orc (D:4)
  A necrophage (D:5)
  2 scorpions (D:5)
  4 electric eels (D:6)
  2 jellies
  2 orc priests
  A hound (D:3)
  Jessica (D:2)
  3 iguanas
  Natasha (D:3)
  3 orc wizards
  10 adders
  8 gnolls (D:3)
  A shadow imp (D:5)
  3 ufetubi (D:6)
  2 worms
  6 dart slugs
  10 orcs
  8 bats
  5 endoplasms
  2 giant cockroaches (D:1)
  3 goblins
  4 hobgoblins
  3 quokkas
  5 ball pythons
  4 frilled lizards
  10 kobolds
  4 rats
  A spectral goblin (D:2)
116 creatures vanquished.

Vanquished Creatures (others)
  22 plants
22 creatures vanquished.

Grand Total: 138 creatures vanquished

Notes
Turn   | Place    | Note
-------+----------+-------------------------------------------
     0 | D:1      | shoop the Deep Elf Arcane Marksman began the quest for the
                  | Orb.
     0 | D:1      | Reached XP level 1. HP: 11/11 MP: 5/5
   204 | D:1      | Reached skill level 1 in Stealth
   272 | D:1      | Reached XP level 2. HP: 16/16 MP: 6/6
   922 | D:2      | Reached skill level 1 in Evocations
   922 | D:2      | Reached XP level 3. HP: 20/20 MP: 5/7
  1014 | D:2      | Found a faded altar of an unknown god.
  1237 | D:2      | Found Saotoc's Distillery.
  1246 | D:2      | Bought a potion of curing for 36 gold pieces
  1306 | D:2      | Reached XP level 4. HP: 24/24 MP: 8/8
  1463 | D:2      | Reached skill level 1 in Fighting
  1530 | D:2      | Noticed Jessica
  1682 | D:2      | Killed Jessica
  2020 | D:3      | Noticed Natasha
  2043 | D:3      | Reached skill level 5 in Bows
  2043 | D:3      | Reached XP level 5. HP: 27/29 MP: 7/10
  2127 | D:3      | Identified the +3 kite shield of the Devil's Advocate
                  | {rPois rF- rC+ Slay+2}
  2130 | D:3      | Noticed jejorda2's ghost (weakling TeHu)
  2378 | D:3      | Found a transporter.
  2379 | D:3      | Found a transporter.
  3068 | D:3      | Reached skill level 5 in Hexes
  3154 | D:3      | Learned a level 4 spell: Cause Fear
  3480 | D:4      | Found a staircase to the Ecumenical Temple.
  3503 | Temple   | Entered the Ecumenical Temple
  3534 | Temple   | Became a worshipper of Fedhas Madash
  3757 | D:4      | Found a white marble altar of Elyvilon.
  3897 | D:4      | Noticed Blork the orc
  3945 | D:4      | Reached XP level 6. HP: 21/34 MP: 10/12
  4342 | D:4      | Killed Blork the orc
  4343 | D:4      | Reached skill level 6 in Hexes
  4790 | D:5      | Entered Level 5 of the Dungeon
  4790 | D:5      | Noticed Edmund
  4878 | D:5      | Found Onestrya's Antique Weapon Emporium.
  4918 | D:5      | Noticed an ice beast
  4918 | D:5      | Noticed Prince Ribbit
  4925 | D:4      | Learned a level 3 spell: Inner Flame
  5027 | D:3      | Killed Natasha
  5028 | D:3      | Reached skill level 1 in Fire Magic
  5028 | D:3      | Reached XP level 7. HP: 31/38 MP: 15/15
  5318 | D:2      | Bought a potion of heal wounds for 60 gold pieces
  5318 | D:2      | Bought a potion of curing for 36 gold pieces
  5453 | D:5      | Reached skill level 7 in Hexes
  5523 | D:5      | Reached skill level 5 in Spellcasting
  5543 | D:5      | Killed Edmund
  5544 | D:5      | Reached skill level 8 in Hexes
  5580 | D:5      | Identified the +1 ring mail of Magic {rPois rCorr}
  5606 | D:5      | Learned a level 3 spell: Portal Projectile
  5716 | D:5      | Reached * piety under Fedhas
  5717 | D:5      | Reached skill level 1 in Armour
  5950 | D:5      | Reached XP level 8. HP: 43/43 MP: 17/19
  6494 | D:5      | Learned a level 2 spell: Passwall
  7006 | D:6      | Reached skill level 1 in Translocations
  7543 | D:6      | Reached skill level 1 in Transmutations
  7543 | D:6      | Reached skill level 1 in Earth Magic
  7930 | D:6      | Killed by an exploding orc priest... ignited by their inner
                  | flame

Illustrated notes

Levels and vault maps discovered:
D:1:      evilmike_arrival_hilbert_curve, layout_rooms, minmay_misc_feat_rugged,
          st_stairs_6, minivault_5, dk_noncrumbling_4, minmay_misc_feat_room,
          chequers_serial_rivers_micro_c
D:2:      layout_basic, serial_shops, shop,
          dreamdust_ecumenical_altar_drowned_temple, uniq_jessica
D:3:      layout_basic, gammafunk_ghost_gnarly_gnolls, minivault_11,
          nicolae_underground_beach, uniq_natasha
D:4:      layout_loops_ring, mainiacjoe_overflow_concentric_impassable,
          minmay_temple_entry_stoned_glass, uniq_blork_the_orc
D:5:      layout_loops_cross, serial_shops, nicolae_shop_window_shopping,
          st_stairs_14, grunt_tough_drop, uniq_prince_ribbit1, uniq_edmund
D:6:      layout_loops_corners, chequers_big_river, serial_bayou_ford_a
Temple:   compressed_dpeg_circular_temple

Skill      XL: |  1  2  3  4  5  6  7  8 |
---------------+-------------------------+-----
Stealth        | 2 3 |  3.0
Bows           | 3 5 7 |  7.6
Evocations     | 1 2 |  2.0
Fighting       | 1 |  1.0
Dodging        | 3 |  3.0
Spellcasting   | 2 3 4 6 |  6.0
Hexes          | 5 6 8 |  8.3
Fire Magic     | 1 2 |  2.0
Armour         | 2 |  2.0
Translocations | 1 |  1.6
Transmutations | 1 |  1.6
Earth Magic    | 1 |  1.7

Action                   |  1- 3 |  4- 6 |  7- 9 || total
-------------------------+-------+-------+-------++-------
 Fire: Shortbow          |   101 |   200 |   184 ||   485
 Cast: Slow              |     5 |    26 |    32 ||    63
       Cause Fear        |       |     1 |     2 ||     3
       Inner Flame       |       |       |    19 ||    19
Evoke: Wand              |       |     1 |       ||     1
  Use: Potion            |       |     1 |       ||     1
       Scroll            |       |       |     9 ||     9
Armor: Robe              |     8 |    12 |     4 ||    24
Dodge: Dodged            |    25 |    50 |    33 ||   108

Table legend: (Time is in decaauts)
 A = Elapsed time spent in this place.
 B = Non-inter-level travel time spent in this place.
 C = Inter-level travel time spent in this place.
 D = Time resting spent in this place.
 E = Time spent auto-exploring this place.
 F = Levels seen in this place.
 G = Mean time per level.
                   A        B        C        D        E       F      G
               +--------+--------+--------+--------+--------+-----+--------+
         Total |   8080 |   7562 |    518 |    706 |   5403 |   7 | 1154.3 |
       Dungeon |   8018 |   7531 |    487 |    706 |   5403 |   6 | 1336.3 |
        Temple |     62 |     31 |     31 |      0 |      0 |   1 |   62.0 |
               +--------+--------+--------+--------+--------+-----+--------+

Top non-repeatable levels by time:
     D:3: 2022 daAuts
     D:6: 1397 daAuts
     D:5: 1264 daAuts
     D:4: 1246 daAuts
     D:2: 1210 daAuts
     D:1: 875 daAuts
  Temple: 62 daAuts
